 Dungeon Crawl Stone Soup version 0.29-a0-834-g1e95ca9f62 (webtiles) character file.

Game seed: 13322196369918510899

7773 buhh the Martial Artist (level 11, -1/93 HPs)
             Began as an Octopode Transmuter on July 13, 2022.
             Was a Follower of Ashenzari.
             Slain by a black mamba (13 damage)
             ... on level 10 of the Dungeon.
             The game lasted 00:15:02 (13630 turns).

buhh the Martial Artist (Octopode Transmuter)      Turns: 13630, Time: 00:15:03

Health: -1/93      AC:  8    Str: 10    XL:     11   Next: 20%
Magic:  6/14       EV: 13    Int: 20    God:    Ashenzari [*.....]
Gold:   1274       SH:  0    Dex: 12    Spells: 4/14 levels left

rFire   . . .      SeeInvis .     - Unarmed
rCold   + + .      Faith    .   (shield currently unavailable)
rNeg    + . .      Spirit   .   (helmet currently unavailable)
rPois   +          Reflect  .   (no amulet)
rElec   .          Harm     .   e - ring "Manifest Irritation" {Fire, Bglg, Comp} (curse)
rCorr   .          Rampage  .   k - ring of the Wild Blue Yonder {rN+, Evo, Elem} (curse)
Will    .....                   (no ring)
Stlth   ++........              (no ring)
HPRegen 0.25/turn               (no ring)
MPRegen 0.14/turn               (no ring)
                                (no ring)
                                (no ring)

@: lethally poisoned (-1 -> -41), ice-form
A: freezing attack, boosted hp, almost no armour, amphibious, 8 rings, large,
(camouflage 1), (gelatinous body 1), (nimble swimmer 1), (tentacles)
a: End Transformation, Renounce Religion, Curse Item, Shatter the Chains


You were on level 10 of the Dungeon.
You worshipped Ashenzari.
Ashenzari was aware of your devotion.
You were a creature of crystalline ice.
You visited 3 branches of the dungeon, and saw 12 of its levels.
You also visited: Ossuary.

You collected 1274 gold pieces.

Inventory:

Missiles
 j - 19 poisoned darts
Magical Staves
 b - a cursed staff of earth (melded) {Self, Alch}
 i - a staff of earth
Jewellery
 e - the cursed ring "Manifest Irritation" (left front paw) {Fire, Bglg, Comp}
   (You found it on level 1 of the Dungeon)

   [ring of fire]

   It enhances your fire magic.
   rF:        It protects you from fire.
   rC:        It makes you vulnerable to cold.
   It has a curse which improves the following skills: Beguiling: Conjurations,
   Hexes and Translocations.
   Companions: Summonings and Necromancy.
 k - the cursed ring of the Wild Blue Yonder (right front paw) {rN+, Evo, Elem}
   (You found it on level 2 of the Dungeon)

   [ring of positive energy]

   rN:        It protects you from negative energy.
   It has a curse which improves the following skills: Evocations: Evocations.
   Elements:  Fire Magic, Ice Magic, Air Magic and Earth Magic.
 z - an amulet of guardian spirit
Wands
 C - a wand of iceblast (13)
Scrolls
 a - 5 scrolls of identify {!d}
 c - 3 scrolls of teleportation {!d!d}
 d - a scroll of magic mapping {!d}
 f - a scroll of silence {!r}
 g - 3 scrolls of amnesia
 h - 4 scrolls of enchant armour
 l - 4 scrolls of immolation {!r}
 p - 2 scrolls of brand weapon
 q - 2 scrolls of vulnerability
 x - 5 scrolls of noise
Potions
 m - a potion of might
 n - 3 potions of lignification {!d}
 o - 2 potions of mutation {!q!d}
 r - 2 potions of cancellation {!q!d}
 s - a potion of resistance {!d}
 t - a potion of brilliance {!d}
 u - a potion of ambrosia {!d}
 v - 4 potions of curing {!d}
 w - a potion of heal wounds {!d}
 y - 2 potions of haste {!q}
 Z - 3 potions of flight


   Skills:
 * Level 8.5 Fighting
 * Level 8.5 Dodging
 - Level 2.0 Stealth
 * Level 8.5 Unarmed Combat
 - Level 2.0 Spellcasting
 * Level 7.7 Transmutations
 - Level 5.3(6.1) Ice Magic
 - Level 1.0 Poison Magic


You had 4 spell levels left.
You knew the following spells:

 Your Spells              Type           Power      Damage    Failure   Level
a - Beastly Appendage     Tmut           64%        N/A       1%          1
b - Wereblood             Tmut           32%        N/A       1%          2
c - Spider Form           Tmut/Pois      19%        N/A       8%          3
d - Ice Form              Ice/Tmut       29%        N/A       9%          4

Your spell library contained the following spells:

 Spells                   Type           Power      Damage    Failure   Level
 Necrotise                Necr           8%         1d4       16%         1
 Blink                    Tloc           4%         N/A       22%         2
 Confusing Touch          Hex            2%         N/A       41%         3
 Lesser Beckoning         Tloc           2%         N/A       41%         3
 Vampiric Draining        Necr           2%         2d6       41%         3
 Yara's Violent Unravell  Hex/Tmut       8%         3d5       65%         5
 Agony                    Necr           2%         N/A       99%         5
 Manifold Assault         Tloc           2%         N/A       99%         5
 Enfeeble                 Hex            1%         N/A       100%        7


Dungeon Overview and Level Annotations

Branches:
Dungeon (10/15) Zot: 26832  Temple (1/1) D:4 Zot: 5827    Lair (1/6) D:10 Zot: 5988
    Orc (0/2) D:10        Ossuary (visited)

Altars:
Ashenzari
Cheibriados
Dithmenos
Elyvilon
Fedhas
Gozag
Hepliaklqana
Kikubaaqudgha
Makhleb
Nemelex Xobeh
Okawaru
Qazlal
Ru
Sif Muna
Trog
Uskayaw
Vehumet
Wu Jian
Xom
Yredelemnul
Zin
The Shining One

Shops:
D:3 [

Annotations:
D:6 exclusion: jelly
D:8 exclusion: downstairs
D:9 exclusion: downstairs
D:10 exclusion: two-headed ogre


Innate Abilities, Weirdness & Mutations

You are a creature of crystalline ice.
You have a powerful freezing melee attack.
Your maximum health is increased.
Your armour is entirely melded.
You are incapable of wielding weapons or throwing items.
You cannot wear most types of armour.
You are amphibious.
You can wear up to eight rings at the same time.
((Your skin changes colour to match your surroundings (Stealth+).))
((Your rubbery body absorbs attacks. (AC +1, EV +1)))
((You are camouflaged when in or above water. (Stealth+)))
((You have tentacles for arms and can constrict up to eight enemies at once.))


Message History

The black mamba misses you. The bullfrog hits you.
* * * LOW HITPOINT WARNING * * *
The water moccasin barely misses you. The black mamba bites you!
* * * LOW HITPOINT WARNING * * *
You feel much better.
The bullfrog hits you but does no damage.
The black mamba bites you but does no damage.
The water moccasin closely misses you.
The bullfrog hits you but does no damage.
The black mamba closely misses you. The black mamba bites you!
The bullfrog hits you but does no damage.
The water moccasin bites you but does no damage.
The black mamba bites you but does no damage.
You climb upwards.
Welcome back to the Dungeon!
Level annotation: exclusion: two-headed ogre
There is a staircase to the Lair here.
You barely miss the water moccasin.
The water moccasin is severely wounded.
The bullfrog hits you but does no damage.
The black mamba bites you.
You are poisoned.
The black mamba poisons you! The water moccasin barely misses you.
The bullfrog hits you but does no damage.
You hit the water moccasin.
The water moccasin seems to slow down.
You freeze the water moccasin.
The water moccasin is almost dead.
You feel very sick. The black mamba barely misses you. The bullfrog hits you.
The water moccasin completely misses you.
You punch the water moccasin!
The water moccasin seems to slow down.
You freeze the water moccasin.
You kill the water moccasin!
You feel very sick. The black mamba bites you!
* * * LOW HITPOINT WARNING * * *
You are more poisoned.
The black mamba poisons you! The bullfrog barely misses you.
The black mamba bites you!
You die...

#.#..P............
#......PP.PP....#
#.....PPPP.P..P.#.
#..P...PPP........
#....PPP...........
#...PPP.P..........#
#.P................#
##P.P....S.F.....P.#
#........Y.PP.....#
...PP.......PPPPP...
.......P.....PP...#
...
.....P..P..PP.P..#
#.#
...PPP......PPP##
#.. ....P...PP.P..P#
#)# #...P.P..P...##
#.# #....P...P..P#
#.# ###....P...P.##


You could see a black mamba and a bullfrog.

Vanquished Creatures
  A two-headed ogre (D:10)
  Pikel (D:6)
  A komodo dragon (D:10)
  12 yaks
  A steam dragon (D:8)
  An acid dragon (D:10)
  7 water moccasins
  3 orc warriors (D:9)
  A sky beast (D:7)
  5 black bears
  An ice beast (D:8)
  2 ogres
  A phantom (D:5)
  3 lemures (D:6)
  2 kobold brigands
  A gnoll sergeant (D:6)
  A scorpion (D:5)
  6 bullfrogs
  A necrophage (D:6)
  5 wights (D:8)
  12 killer bees
  4 howler monkeys
  A centaur zombie (Ossuary)
  A jelly (D:7)
  3 hounds
  4 orc priests
  2 gnoll boudas (D:5)
  Jessica (D:2)
  8 orc wizards
  An iguana (D:5)
  5 mummies (Ossuary)
  Robin (D:2)
  22 gnolls
  6 adders
  2 shadow imps (D:5)
  2 white imps
  An ufetubus (D:5)
  2 worms
  4 dart slugs
  37 orcs
  8 ball pythons
  10 bats
  7 endoplasms
  2 giant cockroaches
  14 goblins
  9 hobgoblins
  6 jackals
  25 kobolds
  6 quokkas
  2 frilled lizards
  2 goblin zombies (Ossuary)
  A hobgoblin zombie (Ossuary)
  2 kobold zombies (Ossuary)
  2 orc zombies (Ossuary)
  5 rats
276 creatures vanquished.

Vanquished Creatures (others)
  A human (D:7)
  29 fungi (D:10)
  22 plants
52 creatures vanquished.

Grand Total: 328 creatures vanquished

Notes
Turn   | Place    | Note
-------+----------+-------------------------------------------
     0 | D:1      | buhh the Octopode Transmuter began the quest for the Orb.
     0 | D:1      | Reached XP level 1. HP: 13/13 MP: 3/3
    86 | D:1      | Reached skill level 1 in Stealth
    86 | D:1      | Reached skill level 1 in Poison Magic
    86 | D:1      | Reached XP level 2. HP: 18/18 MP: 3/5
   338 | D:1      | Reached XP level 3. HP: 21/23 MP: 4/6
  1435 | D:2      | Noticed Robin
  1444 | D:2      | Reached XP level 4. HP: 26/29 MP: 7/7
  1449 | D:2      | Killed Robin
  1658 | D:2      | Found a radiant altar of Vehumet.
  1814 | D:2      | Learned a level 2 spell: Wereblood
  1818 | D:2      | Learned a level 3 spell: Spider Form
  1925 | D:2      | Reached XP level 5. HP: 17/35 MP: 2/8
  2158 | D:2      | Noticed Jessica
  2166 | D:2      | Killed Jessica
  2821 | D:3      | Found Kots's Antique Armour Shop.
  2864 | D:3      | Noticed an ogre
  2877 | D:3      | Killed an ogre
  2878 | D:3      | Reached XP level 6. HP: 42/42 MP: 5/9
  3863 | D:4      | Found a staircase to the Ecumenical Temple.
  3870 | Temple   | Entered the Ecumenical Temple
  4033 | Temple   | Became a worshipper of Ashenzari the Shackled
  4379 | D:4      | Identified the +9 ring mail of Duohaur {Contam rN+ Int+3}
  4556 | D:4      | Noticed a black bear
  4568 | D:4      | Killed a black bear
  4569 | D:4      | Reached skill level 5 in Unarmed Combat
  4569 | D:4      | Reached XP level 7. HP: 44/48 MP: 7/10
  5089 | D:5      | Entered Level 5 of the Dungeon
  5313 | D:5      | Found a sparkling altar of Nemelex Xobeh.
  5506 | D:5      | Found a sand-covered staircase.
  5511 | Ossuary  | Entered an ossuary
  5561 | Ossuary  | Reached skill level 5 in Dodging
  7166 | D:5      | Reached XP level 8. HP: 54/54 MP: 7/11
  7184 | D:5      | Reached * piety under Ashenzari
  7184 | D:5      | Identified a scroll of acquirement
  7185 | D:5      | Acquired 736 gold pieces
  7228 | D:5      | Reached skill level 5 in Fighting
  8435 | D:6      | Noticed Pikel
  8452 | D:6      | Reached skill level 1 in Ice Magic
  8457 | D:6      | Killed Pikel
  8458 | D:6      | Reached XP level 9. HP: 62/62 MP: 8/12
  8679 | D:7      | Found an ancient bone altar of Kikubaaqudgha.
  9110 | D:7      | Learned a level 4 spell: Ice Form
 10326 | D:8      | Reached skill level 5 in Transmutations
 11094 | D:8      | Found a hazy altar of Hepliaklqana.
 11191 | D:8      | Reached skill level 5 in Ice Magic
 11191 | D:8      | Reached XP level 10. HP: 69/69 MP: 7/13
 12291 | D:9      | Found a sacrificial altar of Ru.
 13443 | D:10     | Entered Level 10 of the Dungeon
 13443 | D:10     | Noticed a two-headed ogre
 13500 | D:10     | Found a staircase to the Orcish Mines.
 13534 | D:10     | Noticed a two-headed ogre
 13545 | D:10     | Killed a two-headed ogre
 13546 | D:10     | Reached XP level 11. HP: 47/77 MP: 5/14
 13591 | D:10     | Found a staircase to the Lair.
 13614 | Lair:1   | Entered Level 1 of the Lair of Beasts
 13630 | D:10     | Slain by a black mamba

Illustrated notes

Levels and vault maps discovered:
D:1:      dpeg_arrival_brainrot, layout_loops_ring
D:2:      layout_loops_ring, basic_altar, uniq_jessica, uniq_robin
D:3:      layout_basic, serial_shops, nicolae_shop_overgrown_old_shop
D:4:      layout_basic, minmay_temple_entry_arrows, minivault_4
D:5:      layout_gridville, mainiacjoe_overflow_alcove_2, enter_ossuary_5,
          grunt_decor_clamped, minivault_4
D:6:      layout_rooms, uniq_pikel
D:7:      layout_loops_cross, tgw_kikubaaqudgha
D:8:      layout_loops_corners, nicolae_hepliaklqana_hazy_memory
D:9:      layout_cave_pods, kennysheep_mini
D:10:     minmay_evil_eye, layout_loops_ring, due_lair_maze_entry_diamond,
          orc_0_dummy
Temple:   mainiacjoe_temple_coin_purse
Lair:1:   layout_cave_shapes, serial_rivers, chequers_serial_rivers_micro_c,
          chequers_serial_rivers_room_a, chequers_serial_rivers_room_b,
          chequers_serial_rivers_micro_e, enter_volcano_1,
          grunt_forest_small_clearing_treed, uniq_fannar, uniq_sonja

Skill      XL: |  1  2  3  4  5  6  7  8  9 10 |
---------------+-------------------------------+-----
Stealth        | 1 2 |  2.0
Poison Magic   | 1 |  1.0
Fighting       | 2 3 4 6 8 |  8.5
Dodging        | 3 4 5 6 7 8 |  8.5
Unarmed Combat | 4 5 6 7 8 |  8.5
Ice Magic      | 2 5 |  5.3
Transmutations | 3 5 7 |  7.7
Spellcasting   | |  2.0

Action                   |  1- 3 |  4- 6 |  7- 9 | 10-12 || total
-------------------------+-------+-------+-------+-------++-------
Melee: Unarmed           |    71 |   186 |   293 |   176 ||   726
       Constrict         |    23 |    33 |    34 |       ||    90
       Kick              |    18 |    23 |    40 |       ||    81
       Tentacles         |    21 |    21 |    37 |       ||    79
       Punch             |     3 |     2 |     6 |       ||    11
 Cast: Beastly Appendage |    18 |    38 |    36 |     1 ||    93
       Spider Form       |       |    10 |    18 |       ||    28
       Wereblood         |       |     1 |     4 |     5 ||    10
       Ice Form          |       |       |     4 |    14 ||    18
Invok: Curse Item        |       |       |     2 |     1 ||     3
Evoke: Wand              |       |       |     4 |     1 ||     5
  Use: Potion            |       |     1 |     4 |     1 ||     6
       Scroll            |       |       |     6 |       ||     6
 Stab: Sleeping          |     8 |    10 |    11 |       ||    29
Armor: Skin              |       |    14 |    18 |    42 ||    74
Dodge: Dodged            |    33 |   136 |   198 |    95 ||   462

Table legend: (Time is in decaauts)
 A = Elapsed time spent in this place.
 B = Non-inter-level travel time spent in this place.
 C = Inter-level travel time spent in this place.
 D = Time resting spent in this place.
 E = Time spent auto-exploring this place.
 F = Levels seen in this place.
 G = Mean time per level.
                   A        B        C        D        E       F      G
               +--------+--------+--------+--------+--------+-----+--------+
         Total |  13532 |  13110 |    422 |    839 |  10049 |  13 | 1040.9 |
       Dungeon |  12405 |  12035 |    370 |    520 |   9468 |  10 | 1240.5 |
        Temple |    172 |    120 |     52 |      0 |    102 |   1 |  172.0 |
          Lair |     12 |     12 |      0 |      0 |      0 |   1 |   12.0 |
       Ossuary |    942 |    942 |      0 |    319 |    479 |   1 |  942.0 |
               +--------+--------+--------+--------+--------+-----+--------+

Top non-repeatable levels by time:
     D:8: 1884 daAuts
     D:9: 1726 daAuts
     D:5: 1670 daAuts
     D:2: 1443 daAuts
     D:4: 1432 daAuts
     D:1: 1255 daAuts
     D:7: 1180 daAuts
 Ossuary: 942 daAuts
     D:3: 931 daAuts
     D:6: 748 daAuts
  Temple: 172 daAuts
    D:10: 132 daAuts
  Lair:1: 12 daAuts
